 Dungeon Crawl Stone Soup version 0.27.0-1-g7a089689b8 (webtiles) character file.

Game seed: 14761510826557222853

1169 BOMJPIETVODKU the Digger (level 8, -5/58 HPs)
             Began as a Gnoll Earth Elementalist on Aug 2, 2021.
             Was a Follower of Cheibriados.
             Slain by an ogre (28 damage)
             ... on level 4 of the Dungeon.
             The game lasted 00:22:38 (5096 turns).

BOMJPIETVODKU the Digger (Gnoll Earth Elementalist) Turns: 5096, Time: 00:22:38

Health: -5/58      AC:  3    Str: 11    XL:     8   Next: 40%
Magic:  16/17      EV: 17    Int: 20    God:    Cheibriados [*.....]
Gold:   185        SH:  6    Dex: 27    Spells: 13/19 levels left

rFire    . . .     SeeInvis .   d - +3 whip
rCold    . . .     Faith    .   g - +0 buckler
rNeg     . . .     Spirit   .   b - +0 robe
rPois    .         Reflect  .   (no helmet)
rElec    .         Harm     .   (no cloak)
rCorr    .         Rampage  .   (no gloves)
Will     .....                  l - +0 pair of boots
Stlth    ++++......             (no amulet)
HPRegen  0.19/turn              h - +6 ring of dexterity
MPRegen  0.15/turn              t - +6 ring of dexterity

@: lethally poisoned (-5 -> -6), very slow
A: fangs 1, strong nose, distributed training
a: Renounce Religion, Bend Time


You were on level 4 of the Dungeon.
You worshipped Cheibriados.
Cheibriados was aware of your devotion.
You visited 1 branch of the dungeon, and saw 5 of its levels.

You collected 209 gold pieces.
You spent 24 gold pieces at shops.

Inventory:

Hand Weapons
 d - a +3 whip (weapon)
Missiles
 c - 22 stones
 v - 2 javelins
Armour
 b - a +0 robe (worn)
 g - a +0 buckler (worn)
 l - a +0 pair of boots (worn)
Jewellery
 h - a +6 ring of dexterity (left hand)
 o - a ring of ice
 t - a +6 ring of dexterity (right hand)
Scrolls
 a - 4 scrolls of summoning
 e - a scroll of torment {unknown}
 f - a scroll of brand weapon {unknown}
 i - 3 scrolls of teleportation {unknown}
 k - a scroll of fear {unknown}
 m - 2 scrolls of immolation {unknown}
 n - a scroll of blinking {unknown}
 s - a scroll of identify
 u - a scroll of enchant armour {unknown}
Potions
 j - 2 potions of haste {unknown}
 p - 2 potions of flight {unknown}
 q - 3 potions of curing {unknown}
 r - a potion of brilliance


   Skills:
 + Level 3.2 Fighting
 + Level 3.2 Short Blades
 + Level 3.2 Long Blades
 + Level 3.2 Axes
 + Level 3.2 Maces & Flails
 + Level 3.2 Polearms
 + Level 3.2 Staves
 + Level 3.2 Slings
 + Level 3.2 Bows
 + Level 3.2 Crossbows
 + Level 3.2 Throwing
 + Level 3.2 Armour
 + Level 5.6 Dodging
 + Level 5.3 Stealth
 + Level 3.2 Shields
 + Level 3.2 Unarmed Combat
 + Level 6.0 Spellcasting
 + Level 2.6 Conjurations
 + Level 2.6 Hexes
 + Level 2.6 Summonings
 + Level 2.6 Necromancy
 + Level 2.6 Translocations
 + Level 3.4 Transmutations
 + Level 2.6 Fire Magic
 + Level 2.6 Ice Magic
 + Level 2.6 Air Magic
 + Level 6.1 Earth Magic
 + Level 2.6 Poison Magic
 + Level 3.5 Invocations
 + Level 3.2 Evocations


You had 13 spell levels left.
You knew the following spells:

 Your Spells              Type           Power      Damage    Failure   Level
a - Sandblast             Erth           60%        2d14      1%          1
b - Stone Arrow           Conj/Erth      46%        3d9       5%          3
c - Passwall              Tmut/Erth      20%        N/A       2%          2

Your spell library contained the following spells:

 Spells                   Type           Power      Damage    Failure   Level
 Sublimation of Blood     Necr           8%         N/A       5%          2
 Petrify                  Tmut/Erth      25%        N/A       16%         4
 Irradiate                Conj/Tmut      9%         3d17      65%         5


Dungeon Overview and Level Annotations

Branches:
Dungeon (5/15)
 Temple: D:4-7

Altars:
Cheibriados
Ru

Shops:
D:1 :*:[   D:3 *


Innate Abilities, Weirdness & Mutations

You have very sharp teeth.
Your uncanny sense of smell can sniff out nearby items.
Your experience applies equally to all skills.


Message History

The adder completely misses you. The adder misses you.
The adder barely misses you.
There is a stone staircase leading up here.
You whack the adder!
The adder is severely wounded.
The adder completely misses you. The adder bites you but does no damage.
The adder closely misses you. The jackal closely misses you.
You miss the adder.
The adder is severely wounded.
The adder closely misses you. You block the adder's attack.
The jackal completely misses you.
You hit the adder.
The adder is severely wounded.
The adder misses you. The adder closely misses you. The jackal bites you.
The adder closely misses you.
There are no items here.
Unknown command.
You whack the adder!
You kill the adder!
Cheibriados thoroughly appreciates the change of pace.
The jackal misses you. The adder bites you.
You are poisoned.
The adder poisons you! The jackal closely misses you.
There are no items here.
You barely miss the ogre.
You feel sick. The adder closely misses you. The jackal closely misses you.
The ogre hits you with a +0 giant club!!
You feel sick. The adder bites you. The jackal misses you.
The ogre closely misses you. The adder closely misses you.
The jackal bites you but does no damage.
You climb upwards.
You feel sick.
There is a stone staircase leading down here.
You hit the jackal.
The jackal is heavily wounded.
You block the jackal's attack. The adder misses you.
You barely miss the jackal.
The jackal is heavily wounded.
You feel sick.
The ogre hits you with a +0 giant club!!
You die...

...............#......#..........
...............##................
........>......##.....#.......[..
...#...........##.....#...†......
######.###......#.##..#.........#
#.###........##..#.........#
#...#.....#..###)...........
###.......#S....)#..........
#####...h@O.##............
########## #.#.##..##..[.........
...#.....###...##..##............
..........####.###[.#..#.........
...........#...)<[....###........
.................................
...........######.....).######.##
...........# ###.......## #.##
...........# #..........#####.##


You could see an ogre, an adder and a jackal.

Vanquished Creatures
  Grinder (D:3)
  Sigmund (D:2)
  2 ice beasts
  A phantom (D:3)
  A scorpion (D:4)
  A water moccasin zombie (D:5)
  A centaur zombie (D:3)
  4 hounds
  2 orc priests
  3 orc wizards
  A mummy (D:3)
  5 adders
  An adder skeleton (D:4)
  4 dart slugs
  12 orcs
  4 bats
  6 endoplasms
  2 giant cockroaches
  10 goblins
  8 hobgoblins
  2 jackals (D:1)
  2 quokkas
  7 ball pythons
  4 frilled lizards
  7 kobolds
  9 rats
101 creatures vanquished.

Vanquished Creatures (others)
  4 plants
4 creatures vanquished.

Grand Total: 105 creatures vanquished

Notes
Turn   | Place    | Note
-------+----------+-------------------------------------------
     0 | D:1      | BOMJPIETVODKU the Gnoll Earth Elementalist began the quest
                  | for the Orb.
     0 | D:1      | Reached XP level 1. HP: 13/13 MP: 6/6
    68 | D:1      | Reached XP level 2. HP: 20/20 MP: 3/7
   157 | D:1      | Found Oraroc's General Store.
   402 | D:1      | Found Efuyfora's Book Boutique.
   492 | D:1      | Reached XP level 3. HP: 25/25 MP: 7/9
   539 | D:1      | Found a faded altar of an unknown god.
   557 | D:1      | Found Poobeuxt's Book Shoppe.
   604 | D:1      | Found Atemunur's Armour Emporium.
   923 | D:2      | Reached skill level 5 in Spellcasting
   996 | D:2      | Noticed Sigmund
  1002 | D:2      | Killed Sigmund
  1003 | D:2      | Reached skill level 1 in Fighting
  1003 | D:2      | Reached skill level 1 in Short Blades
  1003 | D:2      | Reached skill level 1 in Long Blades
  1003 | D:2      | Reached skill level 1 in Axes
  1003 | D:2      | Reached skill level 1 in Maces & Flails
  1003 | D:2      | Reached skill level 1 in Polearms
  1003 | D:2      | Reached skill level 1 in Staves
  1003 | D:2      | Reached skill level 1 in Slings
  1003 | D:2      | Reached skill level 1 in Bows
  1003 | D:2      | Reached skill level 1 in Crossbows
  1003 | D:2      | Reached skill level 1 in Throwing
  1003 | D:2      | Reached skill level 1 in Armour
  1003 | D:2      | Reached skill level 1 in Shields
  1003 | D:2      | Reached skill level 1 in Unarmed Combat
  1003 | D:2      | Reached skill level 1 in Conjurations
  1003 | D:2      | Reached skill level 1 in Hexes
  1003 | D:2      | Reached skill level 1 in Summonings
  1003 | D:2      | Reached skill level 1 in Necromancy
  1003 | D:2      | Reached skill level 1 in Translocations
  1003 | D:2      | Reached skill level 1 in Fire Magic
  1003 | D:2      | Reached skill level 1 in Ice Magic
  1003 | D:2      | Reached skill level 1 in Air Magic
  1003 | D:2      | Reached skill level 1 in Poison Magic
  1003 | D:2      | Reached skill level 1 in Invocations
  1003 | D:2      | Reached skill level 1 in Evocations
  1003 | D:2      | Reached XP level 4. HP: 25/32 MP: 7/11
  1003 | D:2      | Reached XP level 5. HP: 28/37 MP: 7/12
  1641 | D:2      | Reached XP level 6. HP: 37/44 MP: 10/13
  1728 | D:2      | HP: 2/44 [something (1)]
  2529 | D:3      | Reached skill level 5 in Dodging
  2566 | D:3      | Found a sacrificial altar of Ru.
  2637 | D:3      | Found a snail-covered altar of Cheibriados.
  2643 | D:3      | Became a worshipper of Cheibriados the Contemplative
  2747 | D:3      | Found Osoluun's General Store.
  2750 | D:3      | Bought a scroll of identify for 24 gold pieces
  3107 | D:3      | Reached XP level 7. HP: 45/50 MP: 15/15
  3287 | D:3      | Noticed Grinder
  3291 | D:3      | Paralysed by Grinder for 4 turns
  3300 | D:3      | Killed Grinder
  3397 | D:3      | Learned a level 3 spell: Stone Arrow
  3411 | D:3      | Learned a level 2 spell: Passwall
  3442 | D:4      | Reached skill level 5 in Stealth
  3674 | D:4      | Reached * piety under Cheibriados
  3828 | D:3      | Reached XP level 8. HP: 28/57 MP: 0/16
  4769 | D:5      | Entered Level 5 of the Dungeon
  5096 | D:4      | Slain by an ogre

Illustrated notes

Levels and vault maps discovered:
D:1:      mushboom_english_gardens, layout_basic,
          dreamdust_ecumenical_altar_grove, serial_shops, shop, shop,
          nicolae_shop_stone, shop, grunt_decor_mini_mirrors,
          minmay_tree_intersection, nrook_mini_backslash, st_stairs_4
D:2:      layout_basic, interstate_on_off, uniq_sigmund
D:3:      layout_basic, chei_slow_surprise, nicolae_ru_sacrificial_ziggurat,
          serial_rivers, chequers_serial_rivers_large_b,
          chequers_serial_rivers_micro_b, chequers_serial_rivers_room_a,
          chequers_serial_rivers_marsh, chequers_serial_rivers_micro_e,
          serial_shops, shop, uniq_grinder
D:4:      layout_rooms
D:5:      layout_loops_cross, kennysheep_diamond,
          chequers_serial_rivers_micro_c, guppyfry_early_lair_pool

Skill      XL: |  1  2  3  4  5  6  7  8 |
---------------+-------------------------+-----
Transmutations | 2 3 |  3.4
Spellcasting   | 5 6 |  6.0
Fighting       | 1 2 3 |  3.2
Short Blades   | 1 2 3 |  3.2
Long Blades    | 1 2 3 |  3.2
Axes           | 1 2 3 |  3.2
Maces & Flails | 1 2 3 |  3.2
Polearms       | 1 2 3 |  3.2
Staves         | 1 2 3 |  3.2
Slings         | 1 2 3 |  3.2
Bows           | 1 2 3 |  3.2
Crossbows      | 1 2 3 |  3.2
Throwing       | 1 2 3 |  3.2
Armour         | 1 2 3 |  3.2
Shields        | 1 2 3 |  3.2
Unarmed Combat | 1 2 3 |  3.2
Conjurations   | 1 2 |  2.6
Hexes          | 1 2 |  2.6
Summonings     | 1 2 |  2.6
Necromancy     | 1 2 |  2.6
Translocations | 1 2 |  2.6
Fire Magic     | 1 2 |  2.6
Ice Magic      | 1 2 |  2.6
Air Magic      | 1 2 |  2.6
Poison Magic   | 1 2 |  2.6
Invocations    | 1 2 3 |  3.5
Evocations     | 1 2 3 |  3.2
Dodging        | 5 |  5.6
Stealth        | 5 |  5.3
Earth Magic    | 6 |  6.1

Action                   |  1- 3 |  4- 6 |  7- 9 || total
-------------------------+-------+-------+-------++-------
Melee: Whip              |    17 |    85 |    27 ||   129
       Bite              |       |     4 |       ||     4
 Cast: Sandblast         |    28 |    41 |    16 ||    85
       Stone Arrow       |       |       |    41 ||    41
  Use: Potion            |       |     3 |       ||     3
       Scroll            |       |     1 |       ||     1
 Stab: Sleeping          |     1 |     5 |     4 ||    10
Armor: Robe              |     2 |    26 |     9 ||    37
Dodge: Dodged            |    13 |    60 |    58 ||   131
Block: Buckler           |     1 |    18 |    21 ||    40
